 Dungeon Crawl Stone Soup version 0.25.0-1-g7eea58d2a3 (webtiles) character file.

Game seed: 15929641177002561109

4704 Dirian the Carver (level 10, -6/84 HPs)
             Began as a Minotaur Fighter on June 14, 2020.
             Was a Believer of Okawaru.
             Mangled by Snorg (10 damage)
             ... on level 10 of the Dungeon.
             The game lasted 00:13:12 (9768 turns).

Dirian the Carver (Minotaur Fighter)                Turns: 9768, Time: 00:13:12

Health: -6/84      AC: 17    Str: 23    XL:     10   Next: 21%
Magic:  8/10       EV: 10    Int:  5    God:    Okawaru [**....]
Gold:   460        SH: 14    Dex: 11    Spells: 9/9 levels left

rFire    . . .     SeeInvis .   a - +1 long sword
rCold    . . .     Gourm    .   c - +1 kite shield
rNeg     . . .     Faith    .   f - +0 chain mail
rPois    +         Spirit   .   (helmet restricted)
rElec    .         Reflect  .   j - +0 cloak
rCorr    +         Harm     .   o - +0 pair of gloves
MR       .....                  m - +0 pair of boots
Stlth    ..........             (no amulet)
HPRegen  0.24/turn              y - ring of resist corrosion
MPRegen  0.12/turn              h - ring of poison resistance

@: heroism
A: retaliatory headbutt, horns 2
a: Heroism, Renounce Religion


You were on level 10 of the Dungeon.
You worshipped Okawaru.
Okawaru was pleased with you.
You were hungry.

You visited 1 branch of the dungeon, and saw 10 of its levels.

You collected 460 gold pieces.

Inventory:

Hand Weapons
 a - a +1 long sword (weapon)
Armour
 c - a +1 kite shield (worn)
 f - a +0 chain mail (worn)
 j - a +0 cloak (worn)
 m - a +0 pair of boots (worn)
 o - a +0 pair of gloves (worn)
 t - a +0 plate armour
Jewellery
 h - a ring of poison resistance (right hand)
 y - a ring of resist corrosion (left hand)
Wands
 u - a wand of iceblast (7)
 v - a wand of flame (20)
Scrolls
 l - 2 scrolls of blinking {unknown}
 n - 2 scrolls of enchant weapon
 p - 4 scrolls of magic mapping
 r - 4 scrolls of identify
 x - 5 scrolls of remove curse
Potions
 d - a potion of might
 g - 3 potions of cancellation
 i - a potion of invisibility
 k - 2 potions of lignification
 q - a potion of curing
 s - a potion of mutation {unknown}
 w - a potion of magic {unknown}
Comestibles
 b - 4 chunks of flesh
 e - 13 rations


   Skills:
 + Level 6.8(11.8) Fighting
 * Level 12.5(17.5) Long Blades
 + Level 8.8(13.8) Armour
 + Level 8.1(13.1) Shields
 * Level 1.9 Invocations
 * Level 1.6 Evocations


You had 9 spell levels left.
You didn't know any spells.
Your spell library was empty.

Dungeon Overview and Level Annotations

Branches:
Dungeon (10/15)            Temple (0/1) D:5             Orc (0/2) D:10
   Lair: D:8-11

Altars:
Ashenzari
Cheibriados
Fedhas
Gozag
Hepliaklqana
Kikubaaqudgha
Makhleb
Nemelex Xobeh
Okawaru
Qazlal
Vehumet
Xom
The Shining One

Shops:
D:8 :

Portals:
Abyss: D:4

Annotations:
D:4 2 transporters, Raspi's ghost, amateur MfSk
D:6 2 transporters, Jakers's ghost, novice NaVM
D:10 Snorg


Innate Abilities, Weirdness & Mutations

You reflexively headbutt those who attack you in melee.
You have a pair of horns on your head.


Message History

Snorg is lightly wounded.
Snorg bites you but does no damage. You block Snorg's attack. x2
You closely miss Snorg. Your headbutt misses Snorg.
Snorg is lightly wounded.
Snorg bites you but does no damage. You block Snorg's attack.
Snorg completely misses you.
You slice Snorg!! You headbutt Snorg!
Snorg is heavily wounded.
You block Snorg's attack. x2; Snorg claws you!
You closely miss Snorg.
Snorg is heavily wounded.
You block Snorg's attack. x2; Snorg misses you.
You slash Snorg!
Snorg is heavily wounded.
Snorg closely misses you. You block Snorg's attack. Snorg claws you!
* * * LOW HITPOINT WARNING * * *
Snorg bites you!
* * * LOW HITPOINT WARNING * * *
Snorg claws you!
You die...

#.# #. #.# #.
#.# #.# #.#
......
####..#######.#
..≈≈..
..............#
≈≈≈≈≈≈.
..............#
..≈≈≈..
..............#
.$......
....#T@#####.#
>.#.....
......#.# #.#
........ .....
#?. #.#
........ ....
##.# #.#
........ .## ..
#.# ...≈....
... .# ..≈≈....
... [.≈≈≈..#
.... $...≈..#


You could see Snorg (berserk).

Vanquished Creatures
  A manticore (D:7)
  Grinder (D:6)
  Sigmund (D:4)
  2 yaks (D:9)
  2 steam dragons
  A hungry ghost (D:7)
  A warg (D:10)
  3 orc warriors
  An ice beast (D:5)
  A sky beast (D:9)
  3 phantoms
  A black bear (D:6)
  3 ogres
  3 centaurs
  Blork the orc (D:6)
  4 bullfrogs
  2 scorpions
  4 killer bees (D:8)
  3 wights (D:6)
  A howler monkey (D:5)
  5 crimson imps
  2 hounds
  A centaur zombie (D:6)
  A jelly (D:5)
  7 orc wizards
  2 orc priests
  A gnoll shaman (D:6)
  2 centaur skeletons
  An iguana (D:9)
  4 worker ants
  2 hound skeletons
  5 gnolls (D:6)
  15 adders
  3 shadow imps
  2 oozes
  A worm (D:2)
  5 dart slugs
  6 leopard geckos
  28 orcs
  3 ball pythons
  5 giant cockroaches
  7 goblins
  14 hobgoblins
  12 jackals
  5 quokkas
  8 bats
  4 frilled lizards
  A jackal skeleton (D:5)
  4 kobolds
  A leopard gecko skeleton (D:5)
  2 leopard gecko zombies (D:6)
  6 rats
204 creatures vanquished.

Notes
Turn   | Place    | Note
-------+----------+-------------------------------------------
     0 | D:1      | Dirian the Minotaur Fighter began the quest for the Orb.
     0 | D:1      | Reached XP level 1. HP: 19/19 MP: 0/0
   158 | D:1      | Reached XP level 2. HP: 27/27 MP: 1/1
   297 | D:1      | Reached skill level 3 in Long Blades
   540 | D:1      | Reached XP level 3. HP: 33/33 MP: 2/2
  1190 | D:2      | Reached skill level 4 in Long Blades
  1329 | D:2      | Reached XP level 4. HP: 40/40 MP: 3/3
  1712 | D:2      | Found a shattered altar of Ashenzari.
  2314 | D:3      | Reached XP level 5. HP: 38/46 MP: 4/4
  2745 | D:4      | Found a hazy altar of Hepliaklqana.
  2751 | D:4      | Found a transporter.
  2760 | D:4      | Found a transporter.
  2762 | D:4      | Noticed a small abomination
  2798 | D:4      | Reached skill level 5 in Long Blades
  2856 | D:4      | Found a one-way gate to the infinite horrors of the Abyss.
  2856 | D:4      | Noticed Raspi's ghost (amateur MfSk)
  2857 | D:4      | Found the +8 demon trident "Rift" {distort, reach+}
  2857 | D:4      | Identified the cursed +2 rapier of an ossuary {distort,
                  | +Inv MR- Str+4 SInv}
  2897 | D:4      | Noticed Sigmund
  2898 | D:4      | Noticed a phantom
  2914 | D:4      | Killed Sigmund
  2914 | D:4      | Reached skill level 6 in Long Blades
  2914 | D:4      | Reached XP level 6. HP: 40/53 MP: 5/5
  2926 | D:4      | Reached skill level 5 in Armour
  2926 | D:4      | Reached skill level 5 in Shields
  3076 | D:4      | Found a stormy altar of Qazlal.
  3123 | D:4      | Reached skill level 7 in Long Blades
  3123 | D:4      | Reached XP level 7. HP: 52/60 MP: 6/6
  3206 | D:4      | Found an opulent altar of Gozag.
  3478 | D:5      | Entered Level 5 of the Dungeon
  3545 | D:5      | Found a blossoming altar of Fedhas.
  3817 | D:5      | Reached skill level 5 in Fighting
  3817 | D:5      | Reached skill level 8 in Long Blades
  4266 | D:5      | Found a staircase to the Ecumenical Temple.
  4522 | D:5      | Reached XP level 8. HP: 45/68 MP: 7/7
  4723 | D:6      | Reached skill level 9 in Long Blades
  4729 | D:6      | Found a transporter.
  5315 | D:6      | Reached skill level 10 in Long Blades
  5554 | D:6      | Noticed Blork the orc
  5566 | D:6      | Killed Blork the orc
  5697 | D:6      | Noticed Grinder
  5705 | D:6      | Killed Grinder
  6026 | D:6      | Found a snail-covered altar of Cheibriados.
  6151 | D:6      | Found a transporter.
  6152 | D:6      | Noticed Jakers's ghost (novice NaVM)
  6172 | D:6      | Reached XP level 9. HP: 68/75 MP: 8/8
  6266 | D:6      | Found a shimmering altar of Xom.
  6560 | D:6      | Found a burning altar of Makhleb.
  6565 | D:6      | Found a glowing golden altar of the Shining One.
  6566 | D:6      | Found a sparkling altar of Nemelex Xobeh.
  6566 | D:6      | Found an iron altar of Okawaru.
  6570 | D:6      | Found an ancient bone altar of Kikubaaqudgha.
  6930 | D:6      | Became a worshipper of Warmaster Okawaru
  7007 | D:7      | Reached skill level 11 in Long Blades
  7057 | D:7      | Found a radiant altar of Vehumet.
  7261 | D:7      | Noticed a manticore
  7275 | D:7      | Killed a manticore
  7865 | D:8      | Reached * piety under Okawaru
  8086 | D:8      | Reached skill level 12 in Long Blades
  8300 | D:8      | Found Tovoel's Book Emporium.
  9157 | D:10     | Entered Level 10 of the Dungeon
  9157 | D:10     | Found a staircase to the Orcish Mines.
  9201 | D:9      | Reached skill level 1 in Invocations
  9326 | D:10     | Reached ** piety under Okawaru
  9326 | D:10     | Reached skill level 1 in Evocations
  9326 | D:10     | Reached XP level 10. HP: 69/84 MP: 9/9
  9748 | D:10     | Noticed Snorg
  9768 | D:10     | HP: 4/84 [Snorg (17)]
  9768 | D:10     | Mangled by Snorg

Illustrated notes

Levels and vault maps discovered:
D:1:      wheals_arrival_linesprint, layout_loops_ring
D:2:      layout_basic, ashenzari_altar_1
D:3:      layout_rooms, first_ration, chequers_arboretum, minmay_strange_pillars
D:4:      layout_rooms, kennysheep_mini, nicolae_qazlal_general_emergency,
          grunt_gozag_statues, gammafunk_ghost_abyssal_escape,
          amethyst_killhole, uniq_sigmund
D:5:      layout_gridville, fedhas_altar_1, minmay_temple_entry_arrows,
          kennysheep_generic_room_13
D:6:      layout_layer_cave, cheibriados_altar_1, minitemple,
          gammafunk_ghost_mausoleum, nrook_mini_backslash,
          corexii_leaking_fountain, uniq_blork_the_orc, uniq_grinder
D:7:      layout_basic, kennysheep_little_box
D:8:      layout_rooms, serial_shops, kennysheep_mini_moat
D:9:      layout_basic
D:10:     dragon1_lemuel, layout_basic, erik_lair_orcish_takeover, uniq_snorg

Skill      XL: |  1  2  3  4  5  6  7  8  9 10 |
---------------+-------------------------------+-----
Long Blades    | 3 4 6 7 8 10 12 | 12.5
Fighting       | 4 5 6 |  6.8
Shields        | 4 5 6 7 8 |  8.1
Armour         | 4 5 7 8 |  8.8
Invocations    | 1 |  1.9
Evocations     | 1 |  1.6

Action                   |  1- 3 |  4- 6 |  7- 9 | 10-12 || total
-------------------------+-------+-------+-------+-------++-------
Melee: Long sword        |    81 |   132 |   413 |    58 ||   684
       Headbutt          |     9 |    19 |    78 |     9 ||   115
Invok: Heroism           |       |       |     1 |     1 ||     2
  Use: Scroll            |       |     5 |     8 |       ||    13
       Potion            |       |     1 |     3 |     1 ||     5
  Eat: Chunk             |     1 |     6 |    14 |     1 ||    22
       Ration            |       |       |     3 |       ||     3
Armor: Scale mail        |    59 |    36 |       |       ||    95
       Chain mail        |       |    24 |   172 |    42 ||   238
Dodge: Dodged            |    39 |    32 |    90 |    20 ||   181
Block: Kite shield       |    47 |    57 |   208 |    51 ||   363
       Rpst.: Long sword |    11 |     8 |    19 |     4 ||    42
